Map: Ruins of Seras

Players

Neuro - Winner!

  • Race: Zerg Zerg

Narcotic

  • Race: Protoss Protoss

VOD

http://www.twitch.tv/neurostarcraft/v/3984988

Description

Time

  • Played on: April 3, 2015, 5:41 p.m.
  • Length: 16:00
Show
View Real Time Build Order
Export as new Build Order

Neuro Zerg - Winner!

Build Orders: Hatch First, Hydra Ultra Viper 

Get SALT Encoding   

  12  0:01  Drone  
  13  0:12  Overlord  
  13  0:17  Drone  
  14  0:31  Drone x2  
  16  0:36  Drone  
  17  0:48  Drone  
  18  0:56  Hatchery  
  17  0:59  Drone  
  18  1:13  Spawning Pool  
  18  1:15  Drone  
  18  1:23  Drone  
  19  1:39  Hatchery  
  18  1:45  Drone x2  
  20  1:53  Drone  
  21  2:00  Overlord  
  21  2:07  Queen  
  23  2:11  Drone x2  
  25  2:23  Drone x2  
  25  2:24  Queen  
  29  2:32  Drone  
  29  2:35  Drone  
  31  2:41  Drone, Extractor  
  31  2:43  Extractor  
  30  2:45  Queen  
  30  2:50  Drone  
  33  2:51  Overlord  
  33  2:54  Drone x2  
  35  2:59  Queen  
  37  3:08  Drone x3  
  40  3:14  Overlord  
  40  3:16  Drone x3  
  43  3:24  Drone x3  
  46  3:28  Drone x2  
  48  3:35  Drone x3  
  48  3:36  Drone  
  52  3:41  Lair  
  52  3:46  Spine Crawler  
  51  3:56  Queen  
  51  3:58  Metabolic Boost, Roach Warren  
  52  4:07  Drone x6  
  58  4:11  Overlord  
  58  4:31  Drone x8  
  59  4:36  Overlord x2  
  66  4:40  Overlord  
  66  4:41  Overseer  
  66  4:49  Hydralisk Den  
  65  4:55  Extractor  
  65  4:56  Extractor  
  65  4:57  Spore Crawler  
  65  4:59  Hydralisk Den  
  61  5:00  Drone  
  61  5:01  Drone x7  
  61  5:02  Infestation Pit  
  61  5:06  Extractor x2  
  66  5:07  Spore Crawler  
  66  5:13  Drone x9  
  69  5:18  Drone  
  69  5:19  Drone x2  
  72  5:28  Muscular Augments  
  67  5:38  Drone x6  
  67  5:40  Hive  
  73  5:46  Drone x4  
  77  5:54  Overseer  
  77  6:04  Evolution Chamber  
  76  6:05  Evolution Chamber, Spore Crawler  
  76  6:07  Overseer  
  72  6:11  Hatchery  
  72  6:16  Drone  
  72  6:17  Drone x3  
  75  6:30  Zerg Missile Weapons Level 1, Zerg Ground Armor Level 1  
  75  6:35  Drone x3  
  78  6:46  Extractor  
  77  6:50  Drone x3, Extractor  
  77  6:51  Drone x3  
  77  6:53  Overlord x2  
  82  6:54  Overlord  
  82  6:55  Overlord x2  
  82  6:56  Overlord  
  82  6:57  Overlord  
  82  7:08  Hatchery  
  81  7:11  Queen x2  
  77  7:17  Viper x5  
  92  7:24  Hydralisk  
  92  7:25  Hydralisk x4  
  102  7:33  Drone x3  
  102  7:34  Drone x2  
  107  7:42  Overseer  
  107  8:03  Queen  
  107  8:04  Hydralisk x9  
  127  8:07  Overlord, Extractor x2  
  127  8:10  Extractor  
  124  8:13  Overlord  
  124  8:14  Overseer  
  124  8:22  Overseer  
  124  8:23  Drone x2  
  124  8:25  Zerg Ground Armor Level 2, Zerg Missile Weapons Level 2  
  126  8:32  Drone x4  
  126  8:33  Overlord x2  
  128  8:43  Queen  
  128  8:45  Drone  
  128  8:46  Drone x4  
  131  9:06  Hydralisk x9  
  149  9:13  Overlord  
  149  9:14  Overlord x3  
  149  9:27  Pneumatized Carapace  
  149  9:43  Hydralisk x10  
  169  9:55  Burrow  
  169  10:00  Hydralisk x3  
  169  10:02  Overlord  
  172  10:11  Hatchery  
  164  10:15  Drone x4  
  164  10:16  Drone, Hydralisk  
  164  10:17  Hydralisk x2  
  175  10:25  Nydus Network  
  174  10:34  Adrenal Glands  
  174  10:35  Ultralisk Cavern  
  173  10:41  Overseer  
  173  10:55  Extractor x2  
  171  11:06  Hydralisk x9  
  189  11:14  Zerg Ground Armor Level 3, Zerg Missile Weapons Level 3  
  189  11:15  Overlord  
  189  11:26  Nydus Canal  
  189  11:30  Overlord x4  
  189  11:33  Spore Crawler x2  
  189  11:36  Spine Crawler  
  189  11:38  Chitinous Plating  
  168  12:10  Hydralisk x8  
  168  12:11  Hydralisk x2  
  160  12:24  Ultralisk  
  166  12:48  Ultralisk x3  
  182  13:02  Ultralisk x2  
  159  13:44  Hydralisk x8  
  159  13:45  Hydralisk x2  
  179  13:51  Drone x3  
  180  14:05  Drone  
  180  14:06  Drone  
  180  14:07  Drone x4  
  157  14:56  Zergling x22  
  157  14:57  Zergling x2  
  124  15:36  Hatchery  
Show
View Real Time Build Order
Export as new Build Order

Narcotic Protoss 

Build Orders: Nexus First, Oracle Opening, Oracle Opening, Carriers 

Get SALT Encoding   

  12  0:02  Probe  
  13  0:14  Pylon  
  13  0:18  Probe  
  14  0:32  Probe (Chrono Boost)  
  16  0:43  Probe (Chrono Boost)  
  16  0:49  Probe  
  17  1:00  Nexus  
  18  1:04  Probe  
  18  1:13  Gateway  
  18  1:16  Probe (Chrono Boost)  
  19  1:24  Assimilator  
  20  1:27  Probe (Chrono Boost)  
  20  1:29  Assimilator  
  20  1:33  Probe  
  21  1:45  Pylon  
  21  1:46  Probe  
  22  2:03  Probe (Chrono Boost)  
  22  2:05  Cybernetics Core  
  23  2:14  Probe (Chrono Boost)  
  23  2:15  Probe (Chrono Boost)  
  25  2:22  Zealot  
  29  2:23  Probe (Chrono Boost)  
  29  2:24  Probe (Chrono Boost)  
  29  2:27  Pylon  
  29  2:30  Probe  
  29  2:33  Probe (Chrono Boost)  
  31  2:43  Mothership Core (Chrono Boost)  
  33  2:48  Stargate  
  34  2:54  Probe (Chrono Boost)  
  34  2:55  Adept (Chrono Boost)  
  34  2:57  Probe (Chrono Boost)  
  37  3:01  Warp Gate  
  37  3:02  Probe  
  38  3:09  Probe  
  39  3:13  Forge  
  39  3:15  Probe  
  40  3:21  Probe  
  41  3:28  Probe (Chrono Boost)  
  41  3:31  Pylon  
  41  3:32  Oracle (Chrono Boost)  
  45  3:39  Assimilator  
  45  3:40  Assimilator  
  46  3:42  Probe (Chrono Boost)  
  46  3:54  Probe  
  47  3:56  Probe (Chrono Boost)  
  46  4:04  Oracle (Chrono Boost)  
  46  4:06  Probe (Chrono Boost)  
  46  4:08  Pylon  
  50  4:15  Probe (Chrono Boost), Photon Cannon  
  51  4:17  Probe (Chrono Boost)  
  51  4:22  Probe (Chrono Boost)  
  51  4:23  Probe  
  53  4:32  Oracle (Chrono Boost)  
  53  4:33  Probe  
  57  4:39  Fleet Beacon  
  57  4:41  Probe  
  58  4:45  Stargate  
  58  4:57  Probe  
  58  4:59  Nexus  
  59  5:00  Pylon  
  59  5:03  Carrier (Chrono Boost)  
  59  5:13  Probe  
  60  5:15  Probe  
  61  5:22  Carrier (Chrono Boost)  
  67  5:34  Probe  
  67  5:35  Probe  
  75  5:37  Photon Cannon  
  75  5:38  Pylon  
  75  5:41  Gateway  
  75  5:44  Gateway  
  75  5:46  Probe  
  75  5:48  Graviton Catapult  
  76  5:53  Protoss Air Weapons Level 1 (Chrono Boost)  
  76  5:56  Probe  
  77  5:57  Pylon  
  77  6:04  Carrier (Chrono Boost)  
  77  6:05  Probe (Chrono Boost)  
  77  6:09  Probe (Chrono Boost)  
  77  6:11  Probe (Chrono Boost)  
  80  6:17  Probe (Chrono Boost)  
  82  6:19  Probe (Chrono Boost)  
  82  6:20  Probe (Chrono Boost)  
  82  6:24  Assimilator x2  
  89  6:29  Probe x2 (Chrono Boost)  
  91  6:36  Probe (Chrono Boost)  
  94  6:43  Photon Cannon, Carrier (Chrono Boost)  
  94  6:45  Probe x2 (Chrono Boost)  
  94  6:46  Probe (Chrono Boost)  
  95  6:52  Probe x2  
  97  6:54  Probe  
  97  6:59  Pylon  
  104  7:05  Pylon x2  
  101  7:17  Protoss Air Weapons Level 2  
  107  7:23  Carrier (Chrono Boost)  
  107  7:24  Twilight Council  
  107  7:26  Gateway  
  107  7:29  Pylon  
  107  7:49  Carrier (Chrono Boost)  
  107  7:53  Gateway  
  107  7:55  Gateway  
  107  7:56  Pylon  
  107  7:57  Pylon  
  107  7:59  Sentry  
  115  8:13  Charge (Chrono Boost)  
  115  8:14  Templar Archives  
  115  8:17  Gateway  
  115  8:18  Gateway  
  115  8:20  Gateway  
  115  8:22  Pylon  
  115  8:32  Carrier (Chrono Boost)  
  115  8:38  Psionic Storm  
  115  8:56  High Templar x3  
  121  9:09  Nexus  
  121  9:12  Pylon  
  121  9:14  High Templar x2  
  121  9:16  Zealot  
  121  9:22  Gateway  
  121  9:23  Gateway  
  121  9:25  Gateway  
  121  9:28  Zealot x3  
  121  9:29  Zealot x3  
  121  9:30  Pylon, Carrier (Chrono Boost)  
  133  9:31  Pylon  
  133  9:35  Photon Cannon  
  133  9:37  Photon Cannon  
  139  9:53  Gateway  
  139  9:54  Zealot  
  141  10:00  Carrier (Chrono Boost)  
  141  10:05  Protoss Shields Level 1 (Chrono Boost)  
  141  10:10  Protoss Air Weapons Level 3 (Chrono Boost)  
  135  10:19  Stalker  
  135  10:20  Assimilator  
  135  10:21  Assimilator  
  143  10:34  High Templar x2  
  147  10:36  Zealot x4  
  161  10:53  Carrier (Chrono Boost)  
  161  10:56  Zealot x3  
  167  11:10  Stargate  
  167  11:21  Carrier (Chrono Boost)  
  165  11:27  Photon Cannon  
  165  11:37  High Templar x2  
  175  11:41  Photon Cannon  
  175  11:51  Zealot x3, Carrier  
  179  12:00  Nexus  
  171  12:03  Nexus  
  171  12:16  Pylon  
  171  12:18  Carrier  
  171  12:22  Carrier  
  171  12:30  Archon  
  171  12:31  High Templar x4  
  179  12:37  Archon  
  179  12:38  Archon  
  179  12:40  Pylon  
  185  12:56  Carrier  
  190  13:37  Probe x4  
  182  14:03  Carrier  
  182  14:05  High Templar x2  
  186  14:12  Archon  
  186  14:13  High Templar x4  
  200  14:34  Archon x2  
  145  15:10  High Templar x2  
  149  15:20  High Templar  
Tags
 
Add a new tag
Caveats
  • Supply blocks, unpowered buildings, or Contaminate may cause inaccurate times.
  • Supply counts are checked every 10 seconds.